Map: Ruins of Endion

Players

capac - Winner!

  • Race: Terran Terran
  • League: Gold

A.I. 1 (Elite)

  • Race: Terran Terran

VOD

Have the link to the VOD?

Description

Time

  • Played on: April 12, 2016, 1 p.m.
  • Length: 10:26
Show
View Real Time Build Order
Export as new Build Order

capac Terran - Winner!

Build Orders: MMM Bio 

Get SALT Encoding   

  12  0:01  SCV  
  13  0:13  SCV  
  14  0:18  Supply Depot  
  14  0:25  SCV  
  15  0:40  SCV  
  15  0:42  Barracks  
  16  0:52  SCV  
  16  0:54  Refinery  
  17  1:05  SCV  
  18  1:17  SCV  
  19  1:33  Orbital Command  
  19  1:39  Command Center  
  19  1:41  Barracks Reactor  
  19  1:49  Supply Depot  
  19  1:58  SCV  
  20  2:07  Refinery  
  20  2:10  SCV  
  21  2:17  Factory  
  21  2:20  Marine x2  
  23  2:23  SCV  
  24  2:38  Marine x2, SCV  
  27  2:50  SCV  
  28  2:56  Orbital Command  
  28  3:02  SCV  
  29  3:07  Starport  
  29  3:11  Barracks Tech Lab  
  29  3:13  Widow Mine  
  29  3:14  Widow Mine, SCV  
  34  3:26  SCV  
  35  3:33  Marine  
  36  3:36  Barracks  
  36  3:40  Stimpack  
  36  3:42  Widow Mine x2  
  36  3:45  Medivac  
  42  3:49  Supply Depot  
  42  3:51  SCV  
  42  3:52  Marine  
  44  4:05  Barracks  
  44  4:06  Barracks  
  44  4:07  SCV x2  
  46  4:13  Supply Depot  
  46  4:22  SCV x2  
  46  4:23  Widow Mine x2  
  52  4:25  Starport Reactor  
  52  4:26  Barracks Reactor  
  52  4:32  Refinery  
  52  4:34  SCV x2  
  54  4:46  SCV  
  55  4:53  Widow Mine x2  
  55  4:57  SCV  
  55  4:58  SCV  
  61  5:03  Supply Depot  
  61  5:04  Supply Depot  
  61  5:06  Supply Depot  
  61  5:09  SCV  
  61  5:10  Barracks Reactor  
  61  5:11  Barracks Reactor  
  61  5:12  Liberator x2  
  62  5:25  SCV  
  63  5:29  Supply Depot  
  63  5:32  Supply Depot  
  63  5:33  Marine x2  
  63  5:41  SCV x2  
  65  5:49  Supply Depot, Refinery  
  65  5:52  Marine x2  
  65  5:53  Marine  
  68  5:57  Liberator  
  68  5:58  Liberator  
  68  5:59  Supply Depot  
  68  6:00  Factory Tech Lab  
  68  6:02  Marine x3  
  68  6:03  Marine  
  72  6:15  Barracks  
  78  6:20  Siege Tank  
  78  6:24  SCV x2  
  83  6:38  SCV x2  
  85  6:48  Combat Shields  
  85  6:49  Marine, Command Center  
  85  6:50  Marine x4  
  85  6:52  Marine  
  85  6:54  SCV  
  92  6:56  Liberator x2  
  93  7:08  SCV x2  
  93  7:13  Supply Depot  
  93  7:14  Marine  
  93  7:15  Marine x3  
  104  7:30  Supply Depot  
  104  7:39  Supply Depot  
  104  7:40  Marine  
  104  7:41  Marine x7  
  104  7:42  Engineering Bay, Marine  
  113  7:54  Supply Depot  
  113  7:56  Medivac x2  
  117  8:05  Starport  
  117  8:14  Terran Infantry Weapons Level 1  
  117  8:15  Armory  
  117  8:16  Concussive Shells  
  117  8:18  Siege Tank  
  117  8:19  Marine  
  122  8:20  Marauder, Marine x5  
  122  8:21  Marine x2  
  122  8:26  Medivac x2  
  134  8:30  Supply Depot  
  134  8:41  Marine x6  
  136  8:47  Starport Reactor  
  138  8:50  Siege Tank  
  141  9:00  Armory  
  141  9:03  Engineering Bay  
  141  9:16  Medivac x2  
  139  9:38  Supply Depot  
  139  9:41  Supply Depot  
  139  9:45  Medivac  
  139  9:46  Medivac  
  139  9:49  Supply Depot  
Show
View Real Time Build Order
Export as new Build Order

A.I. 1 (Elite) Terran 

Build Orders: MMM Bio 

Get SALT Encoding   

  12  0:00  SCV  
  13  0:13  SCV  
  14  0:19  Supply Depot  
  14  0:25  SCV  
  15  0:41  SCV  
  16  0:43  Barracks  
  16  0:53  SCV  
  17  1:05  SCV  
  18  1:16  Supply Depot  
  18  1:17  SCV  
  19  1:22  Refinery  
  19  1:29  SCV  
  19  1:31  Marine  
  21  1:41  SCV  
  22  1:48  Marine  
  22  1:51  Barracks  
  22  1:53  SCV  
  22  1:54  Refinery  
  24  2:03  Supply Depot  
  24  2:05  SCV  
  24  2:06  Marine  
  26  2:17  SCV  
  27  2:24  Factory, Marine  
  27  2:29  SCV  
  29  2:37  Marine  
  29  2:42  Marine, SCV  
  32  2:54  SCV  
  32  2:55  Marine  
  34  3:00  Marine  
  35  3:06  SCV  
  36  3:13  Marine  
  36  3:17  Marine  
  36  3:18  SCV  
  36  3:19  Supply Depot  
  39  3:24  Factory Tech Lab  
  39  3:35  Starport  
  39  3:40  Marine  
  39  3:41  SCV  
  41  3:42  Marine  
  42  3:53  SCV  
  43  3:58  Marine  
  44  4:05  SCV  
  44  4:08  Barracks  
  45  4:17  SCV  
  45  4:20  Supply Depot  
  46  4:26  Starport Tech Lab  
  46  4:29  SCV  
  47  4:42  Siege Tank, SCV  
  47  4:43  Engineering Bay  
  47  4:45  Raven  
  35  4:47  Marine  
  35  4:51  Marine  
  36  4:54  SCV  
  36  4:55  Marine  
  38  5:05  Marine  
  38  5:06  SCV  
  40  5:10  Barracks Tech Lab, Missile Turret  
  40  5:12  Marine  
  41  5:14  Missile Turret  
  41  5:18  Orbital Command  
  34  5:23  Marine  
  34  5:30  Marauder, Marine  
  37  5:41  Marine  
  38  5:44  SCV  
  38  5:48  Marine  
  40  5:52  Marauder  
  40  5:56  SCV  
  42  5:59  Marine  
  43  6:08  SCV  
  44  6:13  Marauder  
  46  6:23  Terran Infantry Weapons Level 1, Marine x2, Stimpack  
  48  6:26  Supply Depot  
  48  6:35  Marauder  
  50  6:49  Command Center  
  50  7:04  Marauder  
  52  7:25  Marauder  
  52  7:27  Engineering Bay  
  54  7:33  Barracks Tech Lab  
  54  7:37  Barracks Reactor  
  54  7:46  Marauder  
  54  7:50  Supply Depot  
  54  7:51  Marine, Combat Shields  
  56  7:53  Terran Infantry Armor Level 1  
  57  8:01  SCV  
  58  8:06  SCV  
  58  8:08  Marauder  
  58  8:09  Marine  
  62  8:13  SCV  
  62  8:18  SCV  
  64  8:25  SCV  
  65  8:30  SCV  
  66  8:38  SCV  
  67  8:42  SCV  
  67  8:43  Concussive Shells, Marauder x2, Medivac  
  74  8:49  Marine  
  74  8:50  SCV  
  74  8:54  Supply Depot  
  74  8:55  SCV  
  76  9:00  Marine  
  76  9:02  SCV  
  78  9:07  SCV  
  79  9:13  Medivac  
  81  9:18  Command Center  
  81  9:21  Marine, SCV  
  81  9:23  Marine  
  77  9:26  Marine  
  77  9:27  Marine  
  58  9:39  Marine  
  58  9:42  Marauder  
  58  9:43  Marine, Raven  
  58  9:45  Marine  
  65  9:57  Marauder  
  70  10:01  Marine  
  70  10:03  Marauder, Marine  
  70  10:05  SCV  
Tags
 
Composition
MMM BioMMM Bio
League
Gold
Matchup
TvT
Race
Terran
Add a new tag
Caveats
  • Supply blocks, unpowered buildings, or Contaminate may cause inaccurate times.
  • Supply counts are checked every 10 seconds.